 Dungeon Crawl Stone Soup version 0.30.2 (webtiles) character file.

Game seed: 7371406659635421732

2304 porpoise the Carver (level 9, 0/70 (71) HPs)
             Began as a Demonspawn Gladiator on Mar 7, 2024.
             Was a Believer of Nemelex Xobeh.
             Slain by a wight
             ... wielding a +2 great sword
              (2 damage)
             ... on level 7 of the Dungeon.
             The game lasted 00:21:49 (6405 turns).

porpoise the Carver (Demonspawn Gladiator)          Turns: 6405, Time: 00:21:51

HP:   0/70 (71)     AC: 10    Str: 14    XL:     9   Next: 18%
MP:   14/14         EV: 11    Int: 10    God:    Nemelex Xobeh [**....]
Gold: 325           SH:  4    Dex: 19    Spells: 5/8 levels left

rFire   . . .        a - +1 demon blade
rCold   . . .        (no shield)
rNeg    + . .        z - +0 ring mail
rPois   .            x - +0 hat
rElec   .            (no cloak)
rCorr   .            f - +0 pair of gloves
SInv    .            o - +0 pair of boots
Will    .....        (no amulet)
Stlth   +            t - ring of positive energy
HPRegen 0.31/turn    (no ring)
MPRegen 0.14/turn

%: no passive effects
@: lightly drained
A: antennae 1, molten scales 2, spiny 1, condensation shield
a: Renounce Religion, Draw Escape, Draw Destruction, Draw Summoning


You were on level 7 of the Dungeon.
You worshipped Nemelex Xobeh.
Nemelex Xobeh was pleased with you.
You visited 2 branches of the dungeon, and saw 8 of its levels.
You also visited: Sewer.

You collected 380 gold pieces.
You spent 55 gold pieces at shops.

Inventory:

Hand Weapons
 a - a +1 demon blade (weapon)
 b - a +0 sling
 C - a +1 long sword
Missiles
 d - 2 throwing nets (quivered)
 e - a javelin
 l - 13 poisoned darts
 n - 6 boomerangs
Armour
 f - a +0 pair of gloves (worn)
 o - a +0 pair of boots (worn)
 x - a +0 hat (worn)
 z - a +0 ring mail (worn)
Jewellery
 h - a ring of magical power
 t - a ring of positive energy (left hand)
Wands
 c - a wand of paralysis (10)
 u - a wand of flame (17)
 A - a wand of mindburst (7)
 D - a wand of roots (11)
Scrolls
 m - a scroll of butterflies
 r - a scroll of enchant armour {unknown}
 y - a scroll of blinking {unknown}
 B - a scroll of teleportation {unknown}
Potions
 g - 2 potions of flight
 i - a potion of might
 j - 6 potions of curing
 k - 2 potions of mutation
 p - 3 potions of heal wounds
 q - a potion of haste
 s - 2 potions of lignification
 v - a potion of magic {unknown}
 w - 2 potions of attraction


   Skills:
 + Level 6.6 Fighting
 * Level 8.8 Long Blades
 - Level 1.7 Throwing
 - Level 2.6 Dodging
 + Level 6.8 Invocations


You had 5 spell levels left.
You knew the following spells:

 Your Spells              Type           Power      Damage    Failure   Level
c - Call Canine Familiar  Summ           0%         N/A       93%         3

Your spell library contained the following spells:

 Spells                   Type           Power      Damage    Failure   Level
 Apportation              Tloc           0%         N/A       61%         1
 Kiss of Death            Conj/Necr      0%         2d5       61%         1
 Magic Dart               Conj           0%         1d3       61%         1
 Necrotise                Necr           0%         1d4       61%         1
 Summon Small Mammal      Summ           0%         N/A       61%         1
 Blink                    Tloc           0%         N/A       75%         2
 Lesser Beckoning         Tloc           0%         N/A       75%         2
 Momentum Strike          Conj/Tloc      0%         3d8       75%         2
 Static Discharge         Conj/Air       0%         2-2/arc   75%         2
 Portal Projectile        Hex/Tloc       0%         N/A       93%         3
 Leda's Liquefaction      Hex/Erth       0%         N/A       100%        4
 Sticky Flame             Conj/Fire      0%         2d3       100%        4


Dungeon Overview and Level Annotations

Branches:
Dungeon (7/15)             Temple (1/1) D:5           Sewer (visited)

Altars:
Hepliaklqana
Kikubaaqudgha
Nemelex Xobeh
Okawaru
Qazlal
Trog
Vehumet

Shops:
D:6 *

Annotations:
D:6 dig


Innate Abilities, Weirdness & Mutations

You have a pair of small antennae on your head.
You are mostly covered in molten scales. (AC +3)
You are partially covered in sharp spines.
A meltable shield of frost defends you. (SH +4)


Message History

You slash the gnoll!
You kill the gnoll!
You block the gnoll's attack.
The gnoll is no longer moving quickly.
The wight barely misses you. The gnoll is struck by your spines.
You kill the gnoll!
Things that are here:
a +0 spear; a gnoll corpse The wight is struck by your spines.
The wight closely misses you.
The wight hits you with a +2 great sword!
* * * LOW HITPOINT WARNING * * *
The gnoll misses you.
Things that are here:
a +0 spear; a +0 spear You hit the wight.
The wight is heavily damaged.
The wight is struck by your spines. The wight barely misses you.
You block the wight's attack.
You slash the wight!
You destroy the wight!
The gnoll hits you from afar with a +0 spear.
* * * LOW HITPOINT WARNING * * *
You hit the wight but do no damage.
The wight is heavily damaged.
The wight barely misses you. The gnoll hits you but does no damage.
You barely miss the wight.
The wight is heavily damaged.
The wight barely misses you.
The gnoll hits you from afar with a +0 spear.
* * * LOW HITPOINT WARNING * * *
The wight attacks as you move away! The wight barely misses you.
Things that are here:
a +0 spear; a gnoll corpse You barely miss the wight.
The wight is heavily damaged.
The wight hits you with a +2 great sword!
* * * LOW HITPOINT WARNING * * *
You partially resist.
You feel drained.
You die...
Your body disappears without a glow.

# #. .# ... ..#.#.
.##.... ..#.#.##
..#.... ........
....... . ......
...>.# .. #...#
.....##
...##...#####{.....#
#........)@zog.....
####...#######.##..
####..)# #......#
#......# .#.#
#....#### #.#.#
#....##.. ....
#....##.# ... ..
#....##.# #.# ...


You could see a wight, a gnoll and an orc.

Vanquished Creatures
  Prince Ribbit (D:6)
  3 ice beasts
  3 black bears
  An ogre (D:6)
  2 phantoms (D:5)
  A bullfrog (D:5)
  4 scorpions
  3 wights (D:7)
  3 jellies
  4 orc priests
  3 gnoll boudas
  5 hounds
  Ijyb (D:5)
  3 iguanas
  7 adders
  12 gnolls
  3 river rats
  A shadow imp (D:6)
  An ufetubus (D:5)
  A worm (D:2)
  A dart slug (D:1)
  21 orcs
  6 bats
  5 endoplasms
  4 giant cockroaches
  13 hobgoblins
  2 jackals (D:3)
  3 quokkas
  15 ball pythons
  8 frilled lizards
  6 goblins
  8 kobolds
  14 rats
168 creatures vanquished.

Notes
Turn   | Place    | Note
-------+----------+-------------------------------------------
     0 | D:1      | porpoise the Demonspawn Gladiator began the quest for the
                  | Orb.
     0 | D:1      | Reached XP level 1. HP: 16/16 MP: 1/1
    67 | D:1      | Reached skill level 3 in Long Blades
    91 | D:1      | Gained mutation: You are partially covered in sharp spines.
                  | [demonic ancestry]
    91 | D:1      | Reached XP level 2. HP: 22/22 MP: 2/2
   301 | D:1      | Reached XP level 3. HP: 28/28 MP: 3/3
   830 | D:2      | Found a radiant altar of Vehumet.
  1228 | D:2      | Reached skill level 4 in Long Blades
  1339 | D:3      | Reached XP level 4. HP: 34/34 MP: 4/4
  1373 | D:3      | Found a glowing drain.
  1398 | Sewer    | Entered a sewer
  1568 | Sewer    | Gained mutation: You have a pair of small antennae on your
                  | head. [demonic ancestry]
  1568 | Sewer    | Reached XP level 5. HP: 41/41 MP: 5/5
  2093 | D:3      | Found a faded altar of an unknown god.
  2317 | D:3      | Reached skill level 5 in Long Blades
  2572 | D:4      | Learned a level 3 spell: Call Canine Familiar
  2623 | D:4      | Found a stormy altar of Qazlal.
  2627 | D:4      | Found a sparkling altar of Nemelex Xobeh.
  2631 | D:4      | Found an iron altar of Okawaru.
  2636 | D:4      | Became a worshipper of Nemelex Xobeh the Trickster
  2663 | D:4      | Gained mutation: You are partially covered in molten
                  | scales. (AC +2) [demonic ancestry]
  2663 | D:4      | Reached XP level 6. HP: 46/48 MP: 6/6
  2834 | D:4      | Reached skill level 1 in Invocations
  3217 | D:4      | You fall into a shaft and drop 2 floors!
  3227 | D:6      | Noticed Prince Ribbit
  3242 | D:6      | Killed Prince Ribbit
  3243 | D:6      | Reached XP level 7. HP: 54/55 MP: 8/8
  3278 | D:5      | Entered Level 5 of the Dungeon
  3286 | D:5      | Reached skill level 6 in Long Blades
  3364 | D:4      | Got Pesoan's Commentary on Conflict
  3517 | D:4      | Reached * piety under Nemelex Xobeh
  4366 | D:5      | Reached skill level 5 in Fighting
  4721 | D:5      | Received a gift from Nemelex Xobeh
  4796 | D:5      | Reached skill level 7 in Long Blades
  4796 | D:5      | Gained mutation: You are mostly covered in molten scales.
                  | (AC +3) [demonic ancestry]
  4796 | D:5      | Reached XP level 8. HP: 62/62 MP: 11/11
  4865 | D:5      | Noticed Ijyb
  4874 | D:5      | Killed Ijyb
  5118 | D:5      | Found a staircase to the Ecumenical Temple.
  5132 | Temple   | Entered the Ecumenical Temple
  5213 | D:6      | Found Perol's Lightly-Used Armoury.
  5219 | D:6      | Bought a -2 demon blade for 55 gold pieces
  5279 | D:6      | Reached skill level 5 in Invocations
  5482 | D:6      | Reached ** piety under Nemelex Xobeh
  5703 | D:6      | Reached skill level 8 in Long Blades
  6252 | D:7      | Gained mutation: A meltable shield of frost defends you.
                  | (SH +4) [demonic ancestry]
  6252 | D:7      | Reached XP level 9. HP: 48/71 MP: 13/13
  6405 | D:7      | HP: 2/71 [wight/+2 great sword (14)]
  6405 | D:7      | Slain by a wight

Illustrated notes

Levels and vault maps discovered:
D:1:      nzn_arrival_depleted_hourglass, layout_rooms, serial_curves,
          eino_curves_02, eino_curves_03, minmay_3d_cube
D:2:      layout_loops_cross, basic_altar
D:3:      layout_basic, portal_sewer_entry_b, ebering_ecumenical_altar_webs,
          minmay_checkerbox
D:4:      layout_layer_cave, grunt_temple_overflow_diamond,
          minmay_tree_intersection
D:5:      layout_basic, minmay_temple_entry_antechambers, uniq_ijyb
D:6:      layout_basic, serial_glass, glass_columns_c, glass_columns_a,
          due_unseen_surprise, feat_on_display, feat_on_display,
          item_on_display_a, minmay_shop_damaged, uniq_prince_ribbit1
D:7:      layout_basic, nicolae_inconvenience_store
Temple:   bh_familiar_temple

Skill      XL: |  1  2  3  4  5  6  7  8 |
---------------+-------------------------+-----
Long Blades    | 3 4 5 7 8 |  8.8
Fighting       | 3 4 5 6 |  6.6
Invocations    | 2 4 6 |  6.8
Throwing       | |  1.7
Dodging        | |  2.6

Action                     |  1- 3 |  4- 6 |  7- 9 || total
---------------------------+-------+-------+-------++-------
  Melee: Long sword        |    39 |    74 |    94 ||   207
         Punch             |       |       |     3 ||     3
         Demon blade       |       |       |   102 ||   102
   Fire: Sling             |    69 |    80 |    52 ||   201
  Throw: Throwing net      |       |     3 |       ||     3
    Use: Scroll            |     4 |     6 |     6 ||    16
         Potion            |       |       |     1 ||     1
   Stab: Sleeping          |       |     2 |       ||     2
 Armour: Leather armour    |    12 |    23 |    28 ||    63
         Ring mail         |       |       |    53 ||    53
  Dodge: Dodged            |    22 |    52 |   110 ||   184
  Block: Other             |       |       |     7 ||     7
